 Dungeon Crawl Stone Soup version 0.31-a0-188-g5e087ee2ca (webtiles) character file.

Game seed: 12743892796063783887

4460 qw the Skirmisher (level 10, 0/60 HPs)
             Began as a Deep Elf Hunter on June 23, 2023.
             Was a Believer of Okawaru.
             Slain by a wight
             ... wielding a +6 halberd
              (2 damage)
             ... on level 7 of the Dungeon.
             The game lasted 00:02:42 (5698 turns).

qw the Skirmisher (Deep Elf Hunter)                 Turns: 5698, Time: 00:02:43

Health: 0/60       AC: 10    Str: 12    XL:     10   Next: 15%
Magic:  14/14      EV: 14    Int: 15    God:    Okawaru [**....]
Gold:   340        SH:  0    Dex: 18    Spells: 9/9 levels left

rFire   . . .        Y - +2 shortbow
rCold   . . .        (shield currently unavailable)
rNeg    . . .        l - +0 ring mail
rPois   .            (no helmet)
rElec   .            s - +0 cloak
rCorr   .            (no gloves)
SInv    .            (no boots)
Will    +....        e - amulet of faith
Stlth   +            g - +4 ring of protection
HPRegen 0.30/turn    d - +4 ring of slaying {mikee}
MPRegen 0.14/turn

%: faith
@: about to teleport
A: no striking features
a: Renounce Religion, Heroism


You were on level 7 of the Dungeon.
You worshipped Okawaru.
Okawaru was pleased with you.
You visited 2 branches of the dungeon, and saw 8 of its levels.

You collected 340 gold pieces.


   Skills:
 + Level 5.9 Fighting
 - Level 14.2 Ranged Weapons
 - Level 2.9 Armour
 - Level 8.0 Dodging
 - Level 1.2 Stealth
 + Level 3.3 Invocations


You had 9 spell levels left.
You didn't know any spells.
Your spell library was empty.

Inventory:

Hand Weapons
 Y - a +2 shortbow (weapon)
Armour
 l - a +0 ring mail (worn)
 s - a +0 cloak (worn)
Jewellery
 b - a ring of fire
 d - a +4 ring of slaying (right hand) {mikee}
 e - an amulet of faith (around neck)
 g - a +4 ring of protection (left hand)
Scrolls
 i - a scroll of identify
 m - a scroll of teleportation
Potions
 a - a potion of attraction {unknown}
 c - a potion of lignification {unknown}
 f - a potion of mutation {unknown}
 h - a potion of ambrosia {unknown}
 j - 3 potions of curing
 k - a potion of resistance {unknown}
 n - a potion of heal wounds {unknown}
 o - a potion of might {unknown}
 p - a potion of magic {unknown}
 q - a potion of haste {unknown}

Dungeon Overview and Level Annotations

Branches:
Dungeon (7/15)             Temple (1/1) D:6

Altars:
Ashenzari
Cheibriados
Dithmenos
Elyvilon
Fedhas
Gozag
Hepliaklqana
Kikubaaqudgha
Makhleb
Nemelex Xobeh
Okawaru
Qazlal
Ru
Sif Muna
Trog
Uskayaw
Vehumet
Wu Jian
Xom
Yredelemnul
Zin
The Shining One

Shops:
D:1 [


Message History

The steam dragon is lightly wounded.
You shoot an arrow. The arrow hits the steam dragon!
The steam dragon is severely wounded.
The steam dragon breathes steam at you. The ball of steam misses you.
You shoot an arrow. The arrow hits the steam dragon.
The steam dragon is almost dead.
You are engulfed in a cloud of scalding steam.
The steam dragon misses you. The steam dragon barely misses you.
You shoot an arrow.
The arrow barely misses the steam dragon.
You are engulfed in a cloud of scalding steam.
The steam dragon completely misses you. The steam dragon misses you.
You shoot an arrow. The arrow hits the steam dragon.
The steam dragon is almost dead.
You are engulfed in a cloud of scalding steam.
The steam dragon completely misses you.
The steam dragon claws you but does no damage.
You shoot an arrow. The arrow hits the steam dragon!
You kill the steam dragon!
Okawaru accepts your kill.
The steam dragon scales are intact enough to wear.
Your life force feels restored.
You shoot an arrow. The arrow hits the wight.
The wight is lightly damaged.
You shoot an arrow. The arrow hits the wight.
The wight is moderately damaged.
The wight closely misses you.
You shoot an arrow. The arrow hits the wight!
The wight is almost destroyed.
You feel like a meek peon again.
A wight comes into view. It is wielding a +2 dire flail.
The wight hits you with a +0 great sword!
The wight hits you from afar with a +6 halberd!
5698 ||| READING 2 scrolls of teleportation.
As you read the scroll of teleportation, it crumbles to dust.
You feel strangely unstable. The wight barely misses you.
The wight hits you from afar with a +6 halberd.
You die...

#########.### ##
#.......#.#
.##.#####.#.# .
...#####.#<# .z
..........# .z.
#.#####.### ...D
#.#####.# .....
#.......#
......##@#######
#...zzz.#
#########


You could see 3 wights.

Vanquished Creatures
  A two-headed ogre (D:7)
  Pikel (D:6)
  Joseph (D:7)
  Grinder (D:5)
  Prince Ribbit (D:5)
  A yak (D:7)
  Menkaure (D:5)
  3 steam dragons
  3 sky beasts
  4 ogres
  2 centaurs
  A lemure (D:6)
  A kobold brigand (D:7)
  Blork the orc (D:6)
  5 scorpions
  A wight (D:7)
  3 howler monkeys
  2 jellies (D:5)
  4 hounds
  2 orc priests
  A sleepcap (D:6)
  Jessica (D:3)
  An iguana (D:5)
  3 orc wizards
  7 gnolls (D:3)
  6 adders
  A shadow imp (D:6)
  2 white imps
  An ufetubus (D:4)
  5 worms
  3 dart slugs
  16 orcs
  3 ball pythons
  6 bats
  8 endoplasms
  15 giant cockroaches
  5 goblins
  5 hobgoblins
  8 jackals
  6 quokkas
  6 frilled lizards
  9 kobolds
  11 rats
168 creatures vanquished.

Notes
Turn   | Place    | Note
-------+----------+-------------------------------------------
     0 | D:1      | qw the Deep Elf Hunter began the quest for the Orb.
     0 | D:1      | Reached XP level 1. HP: 12/12 MP: 3/3
     0 | D:1      | 0 ||| qw: Version: 0.3-a-9-g12657ce
     0 | D:1      | 0 ||| qw: Game counter: 4122
     0 | D:1      | 0 ||| qw: Always use a shield: true
     0 | D:1      | 0 ||| qw: God list: Okawaru
     0 | D:1      | 0 ||| qw: Allow faded altars: false
     0 | D:1      | 0 ||| qw: Do Orc after D:15 true
     0 | D:1      | 0 ||| qw: Do second Lair branch before Depths: true
     0 | D:1      | 0 ||| qw: Lair rune preference: random
     0 | D:1      | 0 ||| qw: Plans: Normal
     0 | D:1      | 0 ||| PLANNING D:1-11
    32 | D:1      | Found Hoxox's Armour Boutique.
    45 | D:1      | 45 ||| SHOPLISTING +0 helmet (49 gold, have 19).
    45 | D:1      | 45 ||| SHOPLISTING +0 pair of boots (49 gold, have 19).
    45 | D:1      | 45 ||| SHOPLISTING +0 ring mail (44 gold, have 19).
    45 | D:1      | 45 ||| SHOPLISTING +0 scale mail (44 gold, have 19).
    45 | D:1      | 45 ||| SHOPLISTING +2 ice dragon scales (792 gold, have
                  | 19).
    45 | D:1      | 45 ||| SHOPLISTING +2 leather armour of willpower (209
                  | gold, have 19).
    45 | D:1      | 45 ||| SHOPLISTING +2 robe of positive energy (161 gold,
                  | have 19).
    52 | D:1      | Reached skill level 6 in Ranged Weapons
    52 | D:1      | Reached XP level 2. HP: 16/16 MP: 4/4
   367 | D:1      | 367 ||| UPGRADING to amulet of faith.
   372 | D:1      | 372 ||| UPGRADING to +4 ring of protection.
   373 | D:1      | 373 ||| READING scroll labelled HOAMIH DEHAMN.
   374 | D:1      | 374 ||| READING scroll labelled HIESOS ROARYR.
   378 | D:1      | 378 ||| DRINKING 2 fuming cyan potions.
   379 | D:1      | 379 ||| DROPPING scroll of butterflies.
   380 | D:1      | 380 ||| DROPPING potion of brilliance.
   418 | D:2      | HP: 4/16 [worm (5)]
   420 | D:2      | Reached XP level 3. HP: 5/20 MP: 5/5
   497 | D:2      | Found a sacrificial altar of Ru.
   583 | D:2      | Reached skill level 7 in Ranged Weapons
   706 | D:2      | HP: 5/20 [worm (5)]
   910 | D:2      | Reached XP level 4. HP: 8/25 MP: 6/6
   910 | D:2      | HP: 6/25 [poisoned by an adder]
   915 | D:2      | HP: 2/25 [poisoned by an adder]
  1362 | D:2      | 1362 ||| UPGRADING to +4 ring of slaying {mikee}.
  1363 | D:2      | 1363 ||| READING scroll labelled CUH KORPHOCA.
  1408 | D:2      | 1408 ||| READING scroll labelled YGEXIA ZASS.
  1550 | D:3      | Noticed Jessica
  1554 | D:3      | 1554 ||| FLEEEEING.
  1555 | D:3      | 1555 ||| FLEEEEING.
  1556 | D:3      | 1556 ||| FLEEEEING.
  1557 | D:3      | 1557 ||| FLEEEEING.
  1558 | D:3      | 1558 ||| FLEEEEING.
  1559 | D:3      | 1559 ||| FLEEEEING.
  1560 | D:3      | 1560 ||| FLEEEEING.
  1564 | D:3      | 1564 ||| FLEEEEING.
  1570 | D:3      | 1570 ||| FLEEEEING.
  1571 | D:3      | 1571 ||| FLEEEEING.
  1572 | D:3      | 1572 ||| FLEEEEING.
  1573 | D:3      | 1573 ||| FLEEEEING.
  1577 | D:3      | 1577 ||| FLEEEEING.
  1578 | D:3      | 1578 ||| FLEEEEING.
  1581 | D:3      | Killed Jessica
  1582 | D:3      | Reached skill level 8 in Ranged Weapons
  1808 | D:3      | Reached XP level 5. HP: 29/29 MP: 7/7
  1814 | D:3      | 1814 ||| FLEEEEING.
  1815 | D:3      | 1815 ||| FLEEEEING.
  1816 | D:3      | 1816 ||| FLEEEEING.
  1817 | D:3      | 1817 ||| FLEEEEING.
  1818 | D:3      | 1818 ||| FLEEEEING.
  1840 | D:3      | 1840 ||| FLEEEEING.
  1842 | D:3      | 1842 ||| FLEEEEING.
  1843 | D:3      | 1843 ||| FLEEEEING.
  1906 | D:3      | Found a shimmering altar of Xom.
  1906 | D:3      | Found a shimmering blue altar of Sif Muna.
  1935 | D:3      | Reached skill level 9 in Ranged Weapons
  2144 | D:3      | Found a glowing silver altar of Zin.
  2181 | D:3      | 2181 ||| UPGRADING to +0 ring mail.
  2191 | D:3      | 2191 ||| DROPPING +0 leather armour.
  2192 | D:3      | 2192 ||| READING scroll labelled KOFOEG WISO.
  2258 | D:4      | Reached XP level 6. HP: 31/35 MP: 8/8
  2273 | D:4      | HP: 5/35 [orc/+0 flail (7)]
  2274 | D:4      | 2274 ||| READING 2 scrolls of teleportation.
  2277 | D:4      | 2277 ||| FLEEEEING.
  2278 | D:4      | 2278 ||| STAIRDANCE
  2278 | D:4      | Found a basalt altar of Yredelemnul.
  2398 | D:4      | Identified the +11 trident "Modghatzo" {antimagic, rF+
                  | Dex+4}
  2441 | D:4      | Reached skill level 10 in Ranged Weapons
  2602 | D:4      | Reached skill level 3 in Dodging
  2616 | D:4      | Found a hazy altar of Hepliaklqana.
  2761 | D:4      | 2761 ||| UPGRADING to +0 cloak.
  2766 | D:4      | 2766 ||| READING scroll labelled UNUNUEP ZYCRI.
  2767 | D:4      | 2767 ||| READING scroll labelled MYCZOG VOFY.
  2768 | D:4      | 2768 ||| DRINKING 2 metallic silvery potions.
  2769 | D:4      | 2769 ||| DROPPING potion of degeneration.
  2776 | D:5      | Entered Level 5 of the Dungeon
  2830 | D:5      | Noticed Prince Ribbit
  2841 | D:5      | Killed Prince Ribbit
  2842 | D:5      | Reached XP level 7. HP: 20/40 MP: 9/9
  3047 | D:5      | Noticed Menkaure
  3048 | D:5      | 3048 ||| FLEEEEING.
  3061 | D:5      | 3061 ||| FLEEEEING.
  3062 | D:5      | 3062 ||| FLEEEEING.
  3063 | D:5      | 3063 ||| FLEEEEING.
  3162 | D:5      | Noticed Grinder
  3164 | D:5      | 3164 ||| Stepping ~*~*~tactically~*~*~ (outnumbered).
  3177 | D:5      | Reached skill level 11 in Ranged Weapons
  3178 | D:5      | Killed Grinder
  3179 | D:5      | Reached skill level 12 in Ranged Weapons
  3179 | D:5      | Reached XP level 8. HP: 21/44 MP: 10/10
  3280 | D:5      | Killed Menkaure
  3281 | D:5      | Reached skill level 3 in Fighting
  3646 | D:5      | Identified the +1 hand axe "Xevvof" {heavy, rElec rPois
                  | Dex+3}
  3696 | D:5      | Found a blossoming altar of Fedhas.
  3814 | D:5      | 3814 ||| READING 2 scrolls labelled JIYPHA KIATI.
  3815 | D:5      | 3815 ||| READING scroll of enchant weapon.
  3815 | D:5      | 3815 ||| ENCHANTING +1 shortbow.
  3816 | D:5      | 3816 ||| DRINKING 2 black potions.
  3829 | D:5      | Reached skill level 13 in Ranged Weapons
  3875 | D:6      | Noticed Pikel
  3889 | D:6      | Killed Pikel
  3890 | D:6      | Reached skill level 14 in Ranged Weapons
  3890 | D:6      | Reached XP level 9. HP: 34/50 MP: 11/11
  3999 | D:6      | HP: 12/50 [something (9)]
  4134 | D:6      | Found an ornate altar of the Wu Jian Council.
  4157 | D:6      | Noticed Blork the orc
  4161 | D:6      | Killed Blork the orc
  4176 | D:6      | Found a staircase to the Ecumenical Temple.
  4177 | D:6      | 4177 ||| PLANNING TEMPLE
  4177 | D:6      | 4177 ||| READING 2 scrolls labelled WAUTEKH LINETSOSH.
  4178 | D:6      | 4178 ||| DROPPING scroll of revelation.
  4187 | Temple   | Entered the Ecumenical Temple
  4194 | Temple   | 4194 ||| PLANNING OKAWARU WORSHIP
  4220 | Temple   | Became a worshipper of Warmaster Okawaru
  4221 | Temple   | 4221 ||| PLANNING D:1-11
  4793 | D:6      | 4793 ||| READING scroll labelled ROSESAELIH.
  4795 | D:6      | 4795 ||| Stepping ~*~*~tactically~*~*~ (cloud).
  4925 | D:7      | 4925 ||| STAIRDANCE
  4941 | D:6      | Reached skill level 6 in Dodging
  5018 | D:7      | Noticed a two-headed ogre
  5036 | D:7      | Killed a two-headed ogre
  5036 | D:7      | Reached * piety under Okawaru
  5036 | D:7      | Reached ** piety under Okawaru
  5135 | D:7      | 5135 ||| INVOKING Heroism.
  5137 | D:7      | 5137 ||| Stepping ~*~*~tactically~*~*~ (cloud).
  5147 | D:7      | 5147 ||| INVOKING Heroism.
  5151 | D:7      | Reached skill level 1 in Invocations
  5158 | D:7      | 5158 ||| FLEEEEING.
  5159 | D:7      | 5159 ||| FLEEEEING.
  5160 | D:7      | 5160 ||| FLEEEEING.
  5163 | D:7      | 5163 ||| STAIRDANCE
  5234 | D:7      | 5234 ||| INVOKING Heroism.
  5328 | D:7      | Found a sparkling altar of Nemelex Xobeh.
  5417 | D:7      | Reached XP level 10. HP: 60/60 MP: 13/13
  5518 | D:7      | Noticed Joseph
  5532 | D:7      | 5532 ||| INVOKING Heroism.
  5539 | D:7      | Killed Joseph
  5540 | D:7      | Reached skill level 3 in Invocations
  5676 | D:7      | 5676 ||| INVOKING Heroism.
  5679 | D:7      | 5679 ||| Stepping ~*~*~tactically~*~*~ (outnumbered).
  5697 | D:7      | HP: 2/60 [wight/+6 halberd (15)]
  5698 | D:7      | 5698 ||| READING 2 scrolls of teleportation.
  5698 | D:7      | Slain by a wight

Levels and vault maps discovered:
D:1:      erik_arrival_blinker_ship, layout_rooms, serial_shops, shop
D:2:      minmay_roachtagon, layout_loops_ring, basic_altar,
          kennysheep_generic_room_8
D:3:      layout_loops_ring, mainiacjoe_overflow_alcove_2,
          chequers_temple_overflow_statue_of_worship, uniq_jessica
D:4:      layout_rooms, mainiacjoe_overflow_boulevard,
          nzn_hepliaklqana_mist_gate
D:5:      layout_basic, mainiacjoe_overflow_small_starburst, st_stairs_6,
          dreamdust_wishing_well, uniq_prince_ribbit1, uniq_menkaure,
          uniq_grinder
D:6:      layout_loops_ring, lemuel_crystal_altar, minmay_temple_entry_grid,
          uniq_blork_the_orc, uniq_pikel
D:7:      layout_loops_cross, nicolae_ru_the_path_less_chosen,
          nemelex_spade_bored_becter, st_stairs_5, uniq_joseph
Temple:   nicolae_temple_ecumenical_triangle

Skill      XL: |  1  2  3  4  5  6  7  8  9 10 |
---------------+-------------------------------+-----
Ranged Weapons | 6 7 8 9 10 12 14 | 14.2
Fighting       | 2 3 5 |  5.9
Dodging        | 3 4 7 8 |  8.0
Armour         | 2 |  2.9
Invocations    | 2 3 |  3.3
Stealth        | |  1.2

Action                     |  1- 3 |  4- 6 |  7- 9 | 10-12 || total
---------------------------+-------+-------+-------+-------++-------
   Fire: Shortbow          |   137 |   165 |   241 |    49 ||   592
 Invoke: Heroism           |       |       |     3 |     2 ||     5
    Use: Scroll            |     2 |     6 |     4 |     1 ||    13
         Potion            |     1 |     1 |     1 |       ||     3
 Armour: Leather armour    |    13 |     7 |       |       ||    20
         Ring mail         |       |    30 |    38 |     5 ||    73
  Dodge: Dodged            |    27 |    58 |    54 |    16 ||   155

Table legend:
 A = Non-vault XP
 B = Vault XP
 C = Vault XP percentage of total XP
 D = Non-vault monster count
 E = Vault monster count
 F = Vault count percentage of total count
                 A         B        C        D         E       F
            +---------+---------+-------+---------+---------+-------
      Total |    3048 |    3324 |  52.2 |     143 |      24 |  14.4
            +---------+---------+-------+---------+---------+-------
        D:1 |      37 |       0 |   0.0 |      23 |       0 |   0.0
        D:2 |      70 |      24 |  25.5 |      22 |      12 |  35.3
        D:3 |     126 |      37 |  22.7 |      22 |       1 |   4.3
        D:4 |     376 |       0 |   0.0 |      26 |       0 |   0.0
        D:5 |     689 |     924 |  57.3 |      14 |       5 |  26.3
        D:6 |     859 |     704 |  45.0 |      14 |       2 |  12.5
        D:7 |     891 |    1635 |  64.7 |      22 |       4 |  15.4
            +---------+---------+-------+---------+---------+-------
